Cogmind - Beta 11.1 @@@ ROGUE MODE // 2022.05.11 @ 12:20:05 Player: Jamuson Result: Destroyed self with Rocket Launcher Performance ------------- Evolutions (0) 0 Regions Visited (2) 400 Robots Destroyed (18) 90 Value Destroyed (549) 549 Prototype IDs (0) 0 Alien Tech Used (0) 0 Bonus (0) 0 TOTAL SCORE: 1039 Bonus ------- None Cogmind --------- Core Integrity 0/250 Matter 206/300 Energy 265/265 System Corruption 2% Temperature Cool (0) Movement Treading (160) Location -10/Mines Parts ------- > --- POWER (1) -------- Improved Ion Engine > --- PROPULSION (2) --- Light Treads Light Treads > --- UTILITY (2) ------ Medium Storage Unit Seismic Detector > --- WEAPON (2) ------- Particle Gun Rocket Launcher > --- INVENTORY (10) --- Improved Ion Engine Small Storage Unit Light Armor Plating EM Shotgun EM Shotgun Light Assault Rifle Peak State ------------ > --- POWER ------------ Improved Ion Engine > --- PROPULSION ------- Light Treads Light Treads > --- UTILITY ---------- Medium Storage Unit Seismic Detector > --- WEAPON ----------- Particle Gun Light Assault Rifle > --- INVENTORY -------- Improved Ion Engine Small Storage Unit Light Armor Plating EM Shotgun EM Shotgun Rocket Launcher [Rating: 10] Favorites ----------- Power Improved Ion Engine Engine Improved Ion Engine Propulsion Light Treads Treads Light Treads Wheel Wheel Utility Seismic Detector Device Seismic Detector Storage Small Storage Unit Weapon Particle Gun Energy Gun Particle Gun Ballistic Gun Light Assault Rifle Launcher Rocket Launcher Build | -11 -10 -10 ------- Run | Scr Mat Min Slots Evolved . | . . . Power . | . . . Propulsion . | . . . Utility . | . . . Weapon . | . . . Parts Attached 16 | 6 9 1 Power 3 | 1 2 . Engine 3 | 1 2 . Core . | . . . Reactor . | . . . Propulsion 4 | 2 2 . Treads 2 | . 2 . Leg . | . . . Wheel 2 | 2 . . Hover . | . . . Flight . | . . . Utility 3 | 1 2 . Device 1 | . 1 . Storage 2 | 1 1 . Processor . | . . . Hackware . | . . . Protection . | . . . Artifact . | . . . Weapon 6 | 2 3 1 Energy Gun 2 | 1 1 . Energy Cannon . | . . . Ballistic Gun 3 | 1 2 . Ballistic Cannon . | . . . Launcher 1 | . . 1 Special Weapon . | . . . Impact Weapon . | . . . Slashing Weapon . | . . . Piercing Weapon . | . . . Special Melee Weapon . | . . . Unidentified Prototypes . | . . . Parts Lost 5 | . 5 . Power 1 | . 1 . Propulsion 2 | . 2 . Utility . | . . . Weapon 2 | . 2 . Highest Loss Streak 4 | . 4 . To Critical Strikes . | . . . Average Slot Usage (%) 98 | . 97 100 Engine 13 | . 13 14 Treads 22 | . 19 28 Wheel 5 | . 8 . Device 13 | . 13 14 Storage 14 | . 14 14 Energy Gun 12 | . 12 14 Ballistic Gun 10 | . 15 1 Launcher 4 | . . 12 Naked Turns . | . . . Heaviest Build 25 | 13 22 25 Greatest Support 40 | 26 40 40 Greatest Overweight (x) . | . . . Average Overweight (x) . | . . . Largest Inventory Capacity 10 | 8 10 10 Average Capacity 8 | 7 8 10 Most Carried 6 | 3 6 6 Average Carried 3 | 1 2 6 Final Capacity 10 | 8 10 10 Final Carried 6 | 3 6 6 Class Distribution -------------------- 100% | Mutant Dominant Class ---------------- Mutant | -10/Materials Mutant | -10/Mines Resources | -11 -10 -10 ----------- Run | Scr Mat Min Matter Collected 523 | 260 222 41 Remotely . | . . . Salvage Created 591 | . 503 88 Parts 35 | . 30 5 Haulers Intercepted 1 | . 1 . Recyclers Shooed . | . . . Parts Field Recycled . | . . . Retrieved Matter . | . . . Parts Self-Destructed . | . . . Prevented . | . . . Kills | -11 -10 -10 ------- Run | Scr Mat Min Combat Hostiles Destroyed 16 | . 10 6 Guns 10 | . 10 . AOE 6 | . . 6 Classes Destroyed 4 | . 3 1 Hauler 1 | . 1 . Watcher 1 | . 1 . Swarmer 3 | . . 3 Grunt 13 | . 10 3 Best Kill Streak 3 | . 3 3 Combat Bots Only 3 | . 3 3 Max Kills in Single Turn 3 | . 1 3 Gunslinging . | . . . Exploded 3 | . . 3 Melee . | . . . Uniques/NPCs Destroyed . | . . . Combat | -11 -10 -10 -------- Run | Scr Mat Min Damage Taken 809 | . 588 221 Core 263 | . 188 75 Absorbed by Shields . | . . . Core Remaining (%) 100 | 100 . . Volleys Fired 75 | . 65 10 Largest 2 | . 2 1 Hottest 85 | . 85 33 Shots Fired 117 | . 107 10 Gun 107 | . 107 . Cannon . | . . . Launcher 10 | . . 10 Special . | . . . Kinetic 79 | . 79 . Thermal 9 | . 9 . Explosive 10 | . . 10 Electromagnetic 19 | . 19 . Robot Hit Streak 9 | . 9 4 Robot Miss Streak 3 | . 3 1 Penetration Max . | . . . Secondary Targets 3 | . 3 . Max Gunslinging Chain 1 | . 1 . Shots Hit Robots 75 | . 68 7 Core Hits 31 | . 25 6 Critical Kills . | . . . Critical Parts Destroyed . | . . . Critical Strikes . | . . . Melee Attacks . | . . . Impact . | . . . Slashing . | . . . Piercing . | . . . Sneak Attacks . | . . . Combat Hostiles . | . . . Follow-up Attacks . | . . . Damage Inflicted 1443 | . 851 592 Guns 851 | . 851 . Cannons . | . . . Explosions 592 | . . 592 Melee . | . . . Ramming . | . . . Kinetic 516 | . 516 . Thermal 128 | . 128 . Explosive 592 | . . 592 Electromagnetic 207 | . 207 . Impact . | . . . Slashing . | . . . Piercing . | . . . Highest Corruption 2 | . 2 2 Average Corruption 2 | . 2 2 Corruption Purged . | . . . Corruption Blocked . | . . . Effects 19 | . 13 6 Message Errors 2 | . 2 . Matter Fused 3 | . 1 2 Heat Flow Errors 7 | . 5 2 Energy Discharges 2 | . 1 1 Data Loss (minor) 4 | . 3 1 Alerts 1 | . 1 . Overload Shots . | . . . Overflow Damage 10 | . . 10 Projectiles . | . . . Explosions 10 | . . 10 Melee . | . . . Knockbacks . | . . . Impact . | . . . Kinetic . | . . . Secondary . | . . . Self-Inflicted Damage 57 | . . 57 Shots 2 | . . 2 Rammed . | . . . Targets Rammed . | . . . Kicked . | . . . Crushed . | . . . Highest Temperature 280 | . 253 280 Average Temperature 97 | . 95 102 Received Heat Transfer 414 | . 336 78 Effects 1 | . 1 . Energy Bleed 1 | . 1 . Siege Activations . | . . . Robots Corrupted . | . . . Combat Hostiles . | . . . Parts Fried 2 | . 2 . Impact Corruptions . | . . . Robots Melted . | . . . Combat Hostiles . | . . . Parts Melted . | . . . Heat Transferred 296 | . 296 . Parts Sabotaged . | . . . Parts Stolen . | . . . Parts Stripped . | . . . Power Chain Reactions . | . . . Missiles Intercepted . | . . . Alert | -11 -10 -10 ------- Run | Scr Mat Min Peak Influence 279 | . 194 279 Initial . | . . . Average 87 | . 62 139 Maximum Alert Level 1 | . . 1 Low Security (%) 89 | 100 100 70 Level 1 10 | . . 29 Level 2 . | . . . Level 3 . | . . . Level 4 . | . . . Level 5 . | . . . High Security . | . . . Max Security . | . . . Squads Dispatched 3 | . 3 . Investigation 1 | . 1 . Extermination . | . . . Reinforcement 2 | . 2 . Assault . | . . . Garrison . | . . . Intercept . | . . . Searches Triggered . | . . . Construction Impeded . | . . . Haulers Reinforced . | . . . Active Scanning Responses . | . . . Cargo Convoy Interrupts . | . . . Stealth | -11 -10 -10 --------- Run | Scr Mat Min Distress Signals 1 | . 1 . Communications Jammed . | . . . Distress Signals . | . . . Times Spotted 23 | . 15 8 Peak Tracking Total 4 | . 4 3 Tactical Retreats . | . . . Traps | -11 -10 -10 ------- Run | Scr Mat Min Traps Triggered 2 | . 2 . Indirectly . | . . . Trap Hack Attempts . | . . . Triggered . | . . . Disarmed . | . . . Reprogrammed . | . . . Reused . | . . . Traps Extracted . | . . . Installed . | . . . Triggered . | . . . Machines | -11 -10 -10 ---------- Run | Scr Mat Min Machines Disabled 2 | . . 2 Max in Single Turn 2 | . . 2 Machines Sabotaged . | . . . Garrisons Compromised . | . . . Overloaded Fab Kills . | . . . Hacking | -11 -10 -10 --------- Run | Scr Mat Min Machines Accessed 5 | . 5 . Terminals 5 | . 5 . Fabricators . | . . . Repair Stations . | . . . Recycling Units . | . . . Scanalyzers . | . . . Garrison Access . | . . . Total Hacks 13 | . 13 . Successful 11 | . 11 . Failed 2 | . 2 . Catastrophic . | . . . Database Lockouts . | . . . Manual 10 | . 10 . Terminals 13 | . 13 . Fabricators . | . . . Repair Stations . | . . . Recycling Units . | . . . Scanalyzers . | . . . Garrison Access . | . . . Terminal Hacks 6 | . 6 . Robot Analysis 3 | . 3 . Level Access Points 1 | . 1 . Branch Access Points 1 | . 1 . Terminal Index 1 | . 1 . Fabricator Hacks . | . . . Repair Station Hacks . | . . . Recycling Unit Hacks . | . . . Scanalyzer . | . . . Garrison Access Hacks . | . . . Unauthorized Hacks 5 | . 5 . Terminals 5 | . 5 . Botnet 5 | . 5 . Fabricators . | . . . Repair Stations . | . . . Recycling Units . | . . . Scanalyzers . | . . . Garrison Access . | . . . Data Cores Recovered . | . . . Used . | . . . Hacking Detections 3 | . 3 . Full Trace Events . | . . . Feedback Events . | . . . Feedback Blocked . | . . . Robot Schematics Acquired . | . . . Robots Built . | . . . Authchips . | . . . Time . | . . . Total Robot Build Rating . | . . . Part Schematics Acquired . | . . . Parts Built . | . . . Authchips . | . . . Time . | . . . Total Part Build Rating . | . . . Parts Repaired . | . . . Time . | . . . Parts Recycled . | . . . Recycled Matter . | . . . Retrieved Matter . | . . . Retrieved Components . | . . . Parts Scanalyzed . | . . . Part Schematics Acquired . | . . . Parts Damaged . | . . . Bothacking | -11 -10 -10 ------------ Run | Scr Mat Min Used RIF Installer . | . . . Robots Hacked . | . . . Non-combat . | . . . Combat . | . . . Robot Hacks Applied . | . . . Relay Couplers Released . | . . . Fabnet Peak Effective % . | . . . Robots Rewired . | . . . Allies Hacked . | . . . Hacks Repelled . | . . . Allies | -11 -10 -10 -------- Run | Scr Mat Min Total Allies . | . . . Largest Group . | . . . Highest-Rated Group . | . . . Highest-Rated Ally . | . . . Total Orders . | . . . Ally Attacks . | . . . Total Damage . | . . . Kills . | . . . Allies Corrupted . | . . . Allies Melted . | . . . Intel | -11 -10 -10 ------- Run | Scr Mat Min Robot Analysis Total 3 | . 3 . Derelict Logs Recovered 2 | . . 2 Drone Launches . | . . . Drone Recoveries . | . . . Exploration | -11 -10 -10 ------------- Run | Scr Mat Min Turns Passed 1674 | 41 1072 561 Spaces Moved 1025 | 33 654 338 Core 2 | 2 . . Treads 771 | . 433 338 Legs . | . . . Wheels 252 | 31 221 . Hover . | . . . Flight . | . . . Fastest Speed 50 | 50 90 160 Average Speed 142 | 90 136 160 Slowest Speed 160 | 100 160 160 Overloaded Moves . | . . . Propulsion Burnouts . | . . . Robots Hopped . | . . . Cave-ins Triggered . | . . . Exploration Rate (%) 62 | 3 92 92 Regions Visited 2 Branch Regions 1 Pre-discovered Areas . | . . . Known Exits Taken 1 | . 1 . Unknown Exits Taken 1 | 1 . . Scrap Searched 2 | . . 2 Spaces Dug . | . . . Terrain Destroyed 61 | . . 61 Melee . | . . . Projectile . | . . . AOE 61 | . . 61 Terrain Rammed . | . . . Walls Destroyed . | . . . Machines Disabled . | . . . Actions | -11 -10 -10 --------- Run | Scr Mat Min Total 1124 | 41 734 349 Wait 1 | . 1 . Move 1023 | 32 653 338 Hop . | . . . Pick Up 8 | 3 5 . Fast Attach 8 | 6 2 . Attach 4 | . 4 . Detach . | . . . Swap 4 | . 3 1 Drop 1 | . 1 . Fire 75 | . 65 10 Melee . | . . . Ram . | . . . Kick . | . . . Crush . | . . . Escape Stasis . | . . . Rewire . | . . . Trap . | . . . Miscellaneous . | . . . Route ------- -11/Scrapyard -10/Materials (discovered 4 exits: *Mat x3 / *Min) -10/Mines (discovered 2 exits: *Mat x2) History --------- Turn | Location | Event 15 | -11/Scrapyard | Discovered new exit (range 15) 42 | -11/Scrapyard | Entered Materials 219 | -10/Materials | Discovered new exit (range 10) 303 | -10/Materials | Build established: Mutant 362 | -10/Materials | Core integrity fell below 50% 398 | -10/Materials | Discovered new exit (range 16) 405 | -10/Materials | Lost 4 parts (1p2n1w) 459 | -10/Materials | Identified exit to Materials 522 | -10/Materials | Identified exit to Mines 1114 | -10/Materials | Entered Mines 1131 | -10/Mines | Met a Derelict bent on vengeance 1134 | -10/Mines | Learned location of 1 exit from Materials 1190 | -10/Mines | Discovered exit to Materials (range 13) 1342 | -10/Mines | Core integrity fell below 20% 1494 | -10/Mines | Learned location of 1 exit from Materials 1672 | -10/Mines | Discovered exit to Materials (range 7) 1675 | -10/Mines | Destroyed self with Rocket Launcher Last Messages --------------- 01443_ Searching scrap... 01443_ Found Com. Wheel. 01443_ Found Terrain Scanner. 01443_ Found 22 Matter. 01444_ Acquired 22 matter. 01489_ Searching scrap... 01489_ Found Sml. Matter Pod. 01489_ Found Huge Storage Unit. 01489_ Found Hcp. Matter Pod. 01489_ Found 19 Matter. 01490_ Acquired 19 matter. 01494_ Acquired derelict log, extracted data. Data stored: Materials exits (x1). 01502_ System corrupted: Component data lost. 01531_ System corrupted: Heat flow error (+283). 01556_ System corrupted: Heat flow error (+297). 01580_ System corrupted: Matter fused (-6). 01672_ EXIT=FOUND: MATERIALS 01672_ G-47 Trooper: "SECOND INTRUDER APPROACHING. ELIMINATE." 01675_ G-34 Mercenary destroyed. Map ----- +----------------------------------------------------+ | | | | | | | | | | | | | | | | | | | | | | | | | | | | | | | | | ????????????????????????????????????????? | | ????????????????????????????????????????? | | ????????????????????????????????????????? | | ????????????????????????????????????????? | | ????????????????????????????????????????? | | ????????????????????????????????????????? | | ????????????????????????????????????????? | | ?????????????????####???????????????????? | | ??????????????### < #?????????????? | | ??????????????# @ %g g #??????????????? | | ??????????????# ## ##????????????### | | ??????????????# ##?????????????????# | | ??????????????# #????????????????????# | | ??????????????# #????????????????????## | | ??????????????# #?????????????????????## | | ??????????????# #??????????????????????? | | ??????????????# #??????????????????????? | | ??????????????# ##?????????????????????? | | ??????????????# #?????????????????????? | | ??????????????# #?????????????????????# | | ??????????????# ##????????????????????# | | ??????????????## #???????????????????## | | ???????????????## #???????????????##### | | ????????????????# #???????????#####!! | | ???????????????## ##??????????# ### | | ?????????????### ##??######?# ###!### | | ????????????## #### ### ### ## | | ????????????# ## ### | | ????????????# | | ????????????# ## | | ????????????## #### #### | | ?????????????# #??## #??? | | ?????????????# ##???## ##??? | | ?????????????# ###?????## ##???? | +----------------------------------------------------+ Best States ------------- Heat Dissipation 25 Energy Generation 12 Energy Capacity 265 Matter Stores 300 Matter Capacity 300 Sight Range 16 Terrain Scan Density 10 Evasion (%) 42 Recoil Reduction 2 Item Schematics ----------------- None Robot Schematics ------------------ None Fabricated ------------ Nothing Alien Tech Used ----------------- None Achievements -------------- None Challenges ------------ None Game ------ Seed ReactionSwordWeb Manual? 0 Play Time 00:11:52 Cumulative 157.5 hours Start 2022.05.11 @ 12:01:22 End 2022.05.11 @ 12:20:05 Sessions 1 Manual Loads 0 Difficulty Rogue Special Mode None Game No. 60 Rogue 53 Adventurer 0 Explorer 7 Win Type - Total 1 Types 0/0/1/0/0/0/0/0/0 Lore% 59 Gallery% 54 Achievement% 46 Wizard Run 0 Options --------- ASCII 0 Keyboard 0 Movement Mouse Keybinds 0 Fullscreen 1 Font 16/Cog Map View 76x50 Tactical HUD 1 Map Filters NONE Filters NONE Steam 1 RUN: 00ffe1dc-237e-43b1-8994-a7da1d293cd7